AoeStats
← augustin.renard

Hill Fort

506640044Analyzed
3v3 RM · 18d ago on Sep 14, 2026· 52m 45s· 6 players
Game mode
Random Map
Map size
Normal (6 player)
Population
200
Speed
Normal
Resources
Standard
Victory
Conquest
Starting age
Dark Age
Ending age
Imperial Age
RankedLock teamsTeams togetherTeam positionsShared explorationLock speedFull tech treeHidden civsTurbo modeCheats
Victory
Defeat
🇫🇷 Mongols · France
771
+10
🇧🇷 Sicilians · Brazil
680
+14
🇫🇷 Spanish · France
586
+17
🇻🇳 Malay · Vietnam
646
-14
🇷🇺 Burgundians · Russia
641
-14
🇦🇷 Spanish · Argentina
615
-13
duchuy2442
3:10 Loom
14:35 Feudal Age
14:35 Horse Collar
17:44 Wheelbarrow
18:32 Man-at-Arms
23:34 Forging
25:27 Arson
38:13 Double-Bit Axe
43:23 Castle Age
42:05 Town Watch
joaquin5476
3:14 Loom
10:02 Feudal Age
10:42 Double-Bit Axe
10:46 Horse Collar
21:39 Castle Age
21:35 Stone Mining
23:33 Man-at-Arms
42:25 Wheelbarrow
42:26 Heavy Plow
45:49 Bow Saw
PONI_PAI
0:38 Loom
0:42 Loom
12:09 Feudal Age
11:15 Double-Bit Axe
15:39 Wheelbarrow
14:47 Horse Collar
15:05 Town Watch
25:42 Castle Age
33:11 Bow Saw
41:32 Burgundian Vineyards
44:45 Imperial Age
44:47 Fortified Wall
augustin.renard
0:38 Loom
11:58 Feudal Age
12:35 Double-Bit Axe
12:44 Gold Mining
12:46 Stone Mining
16:36 Horse Collar
22:19 Castle Age
23:49 Wheelbarrow
armand.clement.1234
6:13 Loom
10:00 Feudal Age
11:17 Wheelbarrow
10:52 Double-Bit Axe
12:25 Horse Collar
13:54 Stone Mining
14:45 Town Watch
20:19 Castle Age
19:29 Fletching
21:07 Bodkin Arrow
21:16 Heavy Plow
22:35 Gold Mining
26:15 Hand Cart
28:48 Forging
29:03 Town Watch
31:28 Stone Shaft Mining
31:16 Ballistics
34:42 Masonry
40:22 Imperial Age
39:16 Town Patrol
39:28 Murder Holes
42:12 Supremacy
42:32 Hoardings
42:42 Bow Saw
42:36 Bracer
46:11 Elite Conquistador
49:09 Spies/Treason
Tegridade
0:41 Loom
10:58 Feudal Age
11:49 Double-Bit Axe
21:21 Forging
21:12 Scale Mail Armor
23:43 Wheelbarrow
25:48 Stone Mining
29:54 Gold Mining
36:00 Castle Age
36:00 Bloodlines
39:31 Iron Casting
39:12 Chain Mail Armor
48:25 Imperial Age
48:52 Elite Serjeant
Connection lost

Rejoining the realm…

Still unreachable

The connection could not be restored.

Session expired

The server has moved on; the page needs a fresh start.